 Dungeon Crawl Stone Soup version 0.21.1-1-g345015f (webtiles) character file.

1979 gyp21 the Magician (level 9, -2/68 HPs)
             Began as a Mummy Fire Elementalist on Feb 6, 2018.
             Was an Initiate of Ashenzari.
             Slain by a killer bee (4 damage)
             ... on level 7 of the Dungeon.
             The game lasted 00:31:03 (10089 turns).

gyp21 the Magician (Mummy Fire Elementalist)       Turns: 10089, Time: 00:31:04

Health: -2/68      AC:  4    Str: 14    XL:     9   Next: 1%
Magic:  0/19       EV: 14    Int: 17    God:    Ashenzari [......]
Gold:   327        SH:  2    Dex: 12    Spells: 13/21 levels left

rFire    x . .     SeeInvis .   u - +1 rapier of Wuixzied {flame, +Rage rC- Str+2}
rCold    . . .     Gourm    .   (no shield)
rNeg     + + +     Faith    .   w - +0 robe {MR+}
rPois    ∞         Spirit   .   (no helmet)
rElec    .         Reflect  +   t - +0 cloak
rCorr    .         Harm     .   (no gloves)
MR       ++...                  j - +0 pair of boots (curse)
Stlth    ++........             h - +2 amulet of reflection (curse)
HPRegen  0.21/turn              (no ring)
MPRegen  0.16/turn              (no ring)

@: very slightly contaminated
A: no food or potions, fire vulnerability, cold resistance 1, negative energy
resistance 3, torment resistance, unbreathing
a: Curse Item, Renounce Religion


You were on level 7 of the Dungeon.
You worshipped Ashenzari.
Ashenzari was noncommittal.
You were not hungry.

You visited 2 branches of the dungeon, and saw 8 of its levels.

You collected 327 gold pieces.

Inventory:

Hand Weapons
 a - a +4 spear
 d - a +1 hunting sling of freezing
 u - the +1 rapier of Wuixzied (weapon) {flame, +Rage rC- Str+2}
   (You found it on level 7 of the Dungeon)

   It has been specially enchanted to burn those struck by it, causing extra
   injury to most foes and up to half again as much damage against particularly
   susceptible opponents.
   It affects your strength (+2).
   It makes you vulnerable to cold.
   It lets you go berserk.
Missiles
 e - 52 sling bullets
 g - 175 stones (quivered)
Armour
 j - a cursed +0 pair of boots (worn)
 t - a +0 cloak (worn)
 w - a +0 robe of magic resistance (worn)
Jewellery
 h - a cursed +2 amulet of reflection (around neck)
Wands
 n - a wand of disintegration (13)
 s - a wand of digging (3)
Scrolls
 c - a scroll of teleportation
 f - 6 scrolls of amnesia
 i - a scroll of remove curse
 k - 3 scrolls of enchant armour
 l - a scroll of blinking
 m - 2 scrolls of magic mapping
 o - a scroll of vulnerability {unknown}
Books
 b - a book of Flames

   Spells                             Type                      Level
   a - Flame Tongue                   Conjuration/Fire             1
   b - Throw Flame                    Conjuration/Fire             2
   c - Conjure Flame                  Conjuration/Fire             3
   d - Inner Flame                    Hexes/Fire                   3
   e - Sticky Flame                   Conjuration/Fire             4
   f - Fireball                       Conjuration/Fire             5


   Skills:
 + Level 5.0 Fighting
 + Level 4.6 Dodging
 - Level 1.5 Stealth
 + Level 6.8 Spellcasting
 + Level 4.3 Conjurations
 + Level 4.9 Fire Magic


You had 13 spell levels left.
You knew the following spells:

 Your Spells              Type           Power        Failure   Level  Hunger
a - Flame Tongue          Conj/Fire      ###..        1%          1    N/A
b - Conjure Flame         Conj/Fire      ###.....     5%          3    N/A
c - Sticky Flame          Conj/Fire      ###.....     17%         4    N/A

Dungeon Overview and Level Annotations

Branches:
Dungeon (7/15)             Temple (1/1) D:7

Altars:
Ashenzari
Dithmenos
Elyvilon
Fedhas
Gozag
Hepliaklqana
Kikubaaqudgha
Makhleb
Nemelex Xobeh
Okawaru
Qazlal
Ru
Vehumet
Wu Jian
Xom
Yredelemnul
Zin
The Shining One


Innate Abilities, Weirdness & Mutations

You do not eat or drink.
Your flesh is vulnerable to fire.
You are immune to poison.
Your flesh is cold resistant. (rC+)
You are immune to negative energy. (rN+++)
You are immune to unholy pain and torment.
You can survive without breathing.


Message History

The killer bee closely misses you.
You closely miss the killer bee.
The killer bee is heavily wounded.
The killer bee stings you.
* * * LOW HITPOINT WARNING * * *
The killer bee stings you.
* * * LOW HITPOINT WARNING * * *
You hit the killer bee but do no damage.
The killer bee is heavily wounded.
The killer bee closely misses you. The killer bee stings you.
* * * LOW HITPOINT WARNING * * *
Casting: Flame Tongue
Confirm with . or Enter, or press ? or * to list all spells.
Aiming: Flame Tongue
Press: ? - help, Shift-Dir - straight line, f/p - killer bee
Aim: a killer bee (heavily wounded)
The flame tongue hits the killer bee.
The killer bee is severely wounded.
The killer bee misses you. The killer bee stings you.
You die...

######
#....#############
#####
#.##...y..y......#
...#
#.#####y#####.##.#
# ###.####.#####@#
#.##.((..(..
#.#.....)(.......#
#.####.###.#
#.#.#)####.#######
#.# .# #.....# #.#
#.# # ###.### #.#
#.# #.# #.# #.#
#.# #.# #. #.# ...
#.#### #.# ##
....# #


You could see 2 killer bees.

Vanquished Creatures
  The ghost of Zhenya24pyc the Skirmisher, an amateur GrFi (D:3)
  Duvessa (D:5)
  An orc warrior (D:7)
  A sky beast (D:7)
  An ogre (D:4)
  A centaur (D:7)
  A bullfrog (D:6)
  Dowan (D:5)
  A scorpion (D:5)
  5 wights (D:7)
  3 killer bees (D:7)
  A crimson imp (D:5)
  Crazy Yiuf (D:5)
  4 hounds
  2 bullfrog skeletons
  3 orc priests
  A jelly (D:7)
  An iguana (D:6)
  5 worker ants
  2 orc wizards (D:4)
  A killer bee zombie (D:6)
  A hound skeleton (D:5)
  2 howler monkey skeletons (D:6)
  12 adders
  2 shadow imps (D:5)
  2 oozes
  An adder skeleton (D:6)
  5 worms
  A dart slug (D:3)
  2 leopard geckos
  21 orcs
  16 bats
  7 giant cockroaches
  8 goblins
  3 hobgoblins
  5 jackals
  8 kobolds
  3 quokkas (D:2)
  4 ball pythons
  7 frilled lizards
  2 leopard gecko zombies
  6 rats
156 creatures vanquished.

Vanquished Creatures (others)
  An orc wizard (D:7)
1 creature vanquished.

Grand Total: 157 creatures vanquished

Notes
Turn   | Place    | Note
-------+----------+-------------------------------------------
     0 | D:1      | gyp21 the Mummy Fire Elementalist began the quest for the Orb.
     0 | D:1      | Reached XP level 1. HP: 13/13 MP: 4/4
   334 | D:1      | Reached skill level 1 in Conjurations
   334 | D:1      | Reached XP level 2. HP: 17/20 MP: 0/5
   625 | D:1      | Reached skill level 3 in Spellcasting
  1140 | D:2      | Reached skill level 1 in Fighting
  1140 | D:2      | Reached XP level 3. HP: 26/26 MP: 5/7
  1308 | D:2      | Learned a level 3 spell: Conjure Flame
  1495 | D:2      | Reached XP level 4. HP: 32/32 MP: 1/9
  1507 | D:2      | Learned a level 4 spell: Sticky Flame
  2821 | D:3      | Noticed Zhenya24pyc's ghost (amateur GrFi)
  3027 | D:3      | Reached XP level 5. HP: 11/38 MP: 0/10
  3663 | D:3      | Found an iron altar of Okawaru.
  3968 | D:3      | Killed Zhenya24pyc's ghost
  3968 | D:3      | Reached skill level 4 in Spellcasting
  3968 | D:3      | Reached XP level 6. HP: 30/46 MP: 1/12
  5486 | D:4      | Reached XP level 7. HP: 44/52 MP: 9/14
  6103 | D:5      | Entered Level 5 of the Dungeon
  6110 | D:5      | Found a sacrificial altar of Ru.
  6200 | D:5      | Reached skill level 5 in Spellcasting
  6575 | D:5      | Noticed Duvessa
  6575 | D:5      | Noticed Dowan
  7221 | D:5      | Killed Dowan
  7642 | D:5      | Killed Duvessa
  7642 | D:5      | Reached XP level 8. HP: 53/60 MP: 7/16
  7883 | D:5      | Found a runed door.
  7887 | D:5      | Noticed Crazy Yiuf
  7894 | D:5      | Killed Crazy Yiuf
  8410 | D:6      | Found a sacrificial altar of Ru.
  9005 | D:7      | Reached skill level 6 in Spellcasting
  9415 | D:7      | Got a fine rapier
  9512 | D:7      | Found a staircase to the Ecumenical Temple.
  9523 | Temple   | Entered the Ecumenical Temple
  9586 | Temple   | Became a worshipper of Ashenzari the Shackled
  9901 | D:7      | Identified the +1 rapier of Wuixzied {flame, +Rage rC- Str+2} (You found it on level 7 of the Dungeon)
 10068 | D:7      | Reached skill level 5 in Fighting
 10077 | D:7      | Reached XP level 9. HP: 52/68 MP: 6/19
 10088 | D:7      | HP: 1/68 [killer bee (6)]
 10089 | D:7      | Slain by a killer bee

Skill      XL: |  1  2  3  4  5  6  7  8 |
---------------+-------------------------+-----
Conjurations   | 1 2 3 4 |  4.3
Spellcasting   | 3 4 5 6 |  6.8
Fighting       | 1 2 3 5 |  5.0
Dodging        | 2 3 4 |  4.6
Fire Magic     | 3 4 |  4.9
Stealth        | |  1.5

Action                   |  1- 3 |  4- 6 |  7- 9 || total
-------------------------+-------+-------+-------++-------
Melee: Unarmed           |    11 |       |       ||    11
       Rapier            |       |       |     4 ||     4
 Fire: Hunting sling     |    48 |   188 |   159 ||   395
 Cast: Flame Tongue      |    37 |    70 |   117 ||   224
       Conjure Flame     |     1 |     5 |     8 ||    14
       Sticky Flame      |       |     1 |    11 ||    12
Invok: Curse Item        |       |       |     1 ||     1
  Use: Scroll            |       |       |    12 ||    12
Armor: Robe              |     4 |    27 |    14 ||    45
Dodge: Dodged            |    29 |    80 |    84 ||   193
Block: Other             |       |       |     8 ||     8
       Reflection        |       |       |     1 ||     1
